 Dungeon Crawl Stone Soup version 0.29.1 (webtiles) character file.

Game seed: 5339332796152275229

250 MisterFreud the Covert (level 6, -5/53 HPs)
             Began as a Gnoll Delver on Sept 14, 2022.
             Slain by a black bear (11 damage)
             ... on level 5 of the Dungeon.
             The game lasted 00:02:21 (2139 turns).

MisterFreud the Covert (Gnoll Delver)               Turns: 2139, Time: 00:02:22

Health: -5/53      AC:  3    Str: 12    XL:     6   Next: 13%
Magic:  8/8        EV: 13    Int: 11    God:
Gold:   88         SH:  0    Dex: 13    Spells: 8/8 levels left

rFire   . . .      SeeInvis .   a - +0 short sword
rCold   . . .      Faith    .   (no shield)
rNeg    . . .      Spirit   .   b - +0 leather armour
rPois   .          Reflect  .   (no helmet)
rElec   .          Harm     .   (no cloak)
rCorr   .          Rampage  .   (no gloves)
Will    .....                   (no boots)
Stlth   ++++......              (no amulet)
HPRegen 0.17/turn               (no ring)
MPRegen 0.11/turn               (no ring)

@: no status effects
A: fangs 1, strong nose, distributed training
a: no special abilities


You were on level 5 of the Dungeon.
You visited 1 branch of the dungeon, and saw 3 of its levels.

You collected 88 gold pieces.

Inventory:

Hand Weapons
 a - a +0 short sword (weapon)
Missiles
 l - 17 poisoned darts (quivered)
Armour
 b - a +0 leather armour (worn)
Wands
 g - a wand of digging (3)
 m - a wand of quicksilver (6)
Scrolls
 c - a scroll of fog
 d - 2 scrolls of magic mapping
 i - a scroll of identify {unknown}
 n - a scroll of immolation {unknown}
Potions
 e - a potion of magic {unknown}
 f - 3 potions of haste
 h - a potion of degeneration {unknown}
 j - a potion of curing {unknown}
 k - a potion of berserk rage {unknown}


   Skills:
 + Level 6.8 Fighting
 + Level 4.9 Short Blades
 + Level 1.9 Long Blades
 + Level 1.9 Axes
 + Level 1.9 Maces & Flails
 + Level 1.9 Polearms
 + Level 1.9 Staves
 + Level 1.9 Ranged Weapons
 + Level 1.9 Throwing
 + Level 1.9 Armour
 + Level 4.9 Dodging
 + Level 9.7 Stealth
 + Level 1.9 Shields
 + Level 1.9 Unarmed Combat
 + Level 1.9 Spellcasting
 + Level 1.5 Conjurations
 + Level 1.5 Hexes
 + Level 1.5 Summonings
 + Level 1.5 Necromancy
 + Level 1.5 Translocations
 + Level 1.5 Transmutations
 + Level 1.5 Fire Magic
 + Level 1.5 Ice Magic
 + Level 1.5 Air Magic
 + Level 1.5 Earth Magic
 + Level 1.5 Poison Magic
 + Level 2.1 Invocations
 + Level 1.9 Evocations


You had 8 spell levels left.
You didn't know any spells.
Your spell library contained the following spells:

 Spells                   Type           Power      Damage    Failure   Level
 Tukima's Dance           Hex            4%         N/A       52%         3
 Passage of Golubria      Tloc           4%         N/A       90%         4
 Yara's Violent Unravell  Hex/Tmut       2%         3d3       99%         5


Dungeon Overview and Level Annotations

Branches:
Dungeon (6/15)
 Temple: D:4-7

Altars:
Cheibriados
Wu Jian
Zin


Innate Abilities, Weirdness & Mutations

You have very sharp teeth.
Your uncanny sense of smell can sniff out nearby items.
Your experience applies equally to all skills.


Message History

The black bear claws you but does no damage.
You hit the black bear.
The black bear is heavily wounded.
The black bear bites you but does no damage.
The black bear claws you. x2
You hit the black bear but do no damage.
The black bear is heavily wounded.
The black bear barely misses you. The black bear misses you.
The black bear claws you.
You barely miss the black bear.
The black bear is heavily wounded.
The black bear closely misses you.
The black bear claws you but does no damage.
The black bear claws you.
You hit the black bear.
You bite the black bear, but do no damage.
The black bear is severely wounded.
The black bear bites you. The black bear closely misses you.
The black bear barely misses you.
You are too injured to fight recklessly!
You hit the black bear.
The black bear is severely wounded.
The black bear goes berserk!
You hit the black bear but do no damage.
Your bite misses the black bear.
The black bear is severely wounded.
The black bear barely misses you. x2; The black bear closely misses you.
You hit the black bear.
The black bear is almost dead.
The black bear barely misses you. The black bear closely misses you.
The black bear claws you.
* * * LOW HITPOINT WARNING * * *
You hit the black bear. You punch the black bear.
You bite the black bear, but do no damage.
The black bear is almost dead.
The black bear bites you!
* * * LOW HITPOINT WARNING * * *
The black bear claws you but does no damage.
The black bear barely misses you. The black bear bites you!
You die...

##.#####....# #.#
.#.#...#....# #.#
.#.#.#.#....# #.#
.....#.#....# #.# #
######.#....####.##.#
#.................#
###.........####.####
#............# #.#
#............# #@#
#............# #h#
#............# #.#
#............# #.#
#............# #.#
#............# #.#
.............# #.#
...##.######## #..
...# .#


You could see a black bear (berserk).

Vanquished Creatures
  A scorpion (D:5)
  3 hounds
  An orc wizard (D:6)
  An iguana (D:5)
  3 adders (D:5)
  A shadow imp (D:4)
  7 orcs
  A hobgoblin (D:4)
  2 jackals (D:5)
  2 quokkas (D:5)
22 creatures vanquished.

Notes
Turn   | Place    | Note
-------+----------+-------------------------------------------
     0 | D:5      | Reached skill level 9 in Stealth
     0 | D:5      | MisterFreud the Gnoll Delver began the quest for the Orb.
     0 | D:5      | Reached XP level 1. HP: 23/23 MP: 1/1
     2 | D:6      | Noticed a scorpion
     2 | D:6      | Noticed a centaur
    23 | D:5      | Noticed an orc wizard
    34 | D:5      | Reached XP level 2. HP: 20/29 MP: 2/2
    90 | D:6      | Reached skill level 1 in Invocations
    90 | D:6      | Reached XP level 3. HP: 5/35 MP: 2/4
   493 | D:5      | Reached skill level 1 in Long Blades
   493 | D:5      | Reached skill level 1 in Axes
   493 | D:5      | Reached skill level 1 in Maces & Flails
   493 | D:5      | Reached skill level 1 in Polearms
   493 | D:5      | Reached skill level 1 in Staves
   493 | D:5      | Reached skill level 1 in Ranged Weapons
   493 | D:5      | Reached skill level 1 in Throwing
   493 | D:5      | Reached skill level 1 in Armour
   493 | D:5      | Reached skill level 1 in Shields
   493 | D:5      | Reached skill level 1 in Unarmed Combat
   493 | D:5      | Reached skill level 1 in Spellcasting
   493 | D:5      | Reached skill level 1 in Evocations
   540 | D:5      | Found an ornate altar of the Wu Jian Council.
   563 | D:5      | Reached skill level 1 in Conjurations
   563 | D:5      | Reached skill level 1 in Hexes
   563 | D:5      | Reached skill level 1 in Summonings
   563 | D:5      | Reached skill level 1 in Necromancy
   563 | D:5      | Reached skill level 1 in Translocations
   563 | D:5      | Reached skill level 1 in Transmutations
   563 | D:5      | Reached skill level 1 in Fire Magic
   563 | D:5      | Reached skill level 1 in Ice Magic
   563 | D:5      | Reached skill level 1 in Air Magic
   563 | D:5      | Reached skill level 1 in Earth Magic
   563 | D:5      | Reached skill level 1 in Poison Magic
   563 | D:5      | Reached XP level 4. HP: 24/41 MP: 5/5
   783 | D:5      | Reached XP level 5. HP: 20/47 MP: 5/7
   975 | D:4      | Found a snail-covered altar of Cheibriados.
  1788 | D:5      | Reached XP level 6. HP: 53/53 MP: 8/8
  1953 | D:5      | Found a glowing silver altar of Zin.
  2120 | D:5      | Noticed a black bear
  2139 | D:5      | Slain by a black bear

Illustrated notes

Levels and vault maps discovered:
D:4:      layout_basic, mainiacjoe_overflow_cross_hatched,
          makhleb_heckhound_becter, amcnicky_altar_gilded
D:5:      layout_basic, nicolae_wu_jian_wuxing_cycle, zin_scriptorium,
          minmay_misc_feat_ornament
D:6:      layout_basic, okawaru_metal_pillars_1_2, nicolae_vehumet_radiance,
          st_stairs_4, uniq_maggie, uniq_eustachio

Skill      XL: |  1  2  3  4  5 |
---------------+----------------+-----
Stealth        | |  9.7
Invocations    | 1 2 |  2.1
Long Blades    | 1 |  1.9
Axes           | 1 |  1.9
Maces & Flails | 1 |  1.9
Polearms       | 1 |  1.9
Staves         | 1 |  1.9
Ranged Weapons | 1 |  1.9
Throwing       | 1 |  1.9
Armour         | 1 |  1.9
Shields        | 1 |  1.9
Unarmed Combat | 1 |  1.9
Spellcasting   | 1 |  1.9
Evocations     | 1 |  1.9
Conjurations   | 1 |  1.5
Hexes          | 1 |  1.5
Summonings     | 1 |  1.5
Necromancy     | 1 |  1.5
Translocations | 1 |  1.5
Transmutations | 1 |  1.5
Fire Magic     | 1 |  1.5
Ice Magic      | 1 |  1.5
Air Magic      | 1 |  1.5
Earth Magic    | 1 |  1.5
Poison Magic   | 1 |  1.5
Fighting       | |  6.8
Short Blades   | |  4.9
Dodging        | |  4.9

Action                   |  1- 3 |  4- 6 || total
-------------------------+-------+-------++-------
Melee: Short sword       |    77 |   103 ||   180
       Bite              |       |    12 ||    12
       Punch             |       |     2 ||     2
Throw: Dart              |       |     5 ||     5
  Use: Scroll            |       |     1 ||     1
 Stab: Sleeping          |       |     3 ||     3
Armor: Leather armour    |    19 |    16 ||    35
Dodge: Dodged            |    45 |    75 ||   120
